Map: 2000 Atmospheres LE

Players

A.I. 1 (Very Easy) - Winner!

  • Race: Protoss Protoss

PaRoOby

  • Race: Protoss Protoss

VOD

Have the link to the VOD?

Description

Time

  • Played on: Jan. 31, 2022, 1:23 p.m.
  • Length: 9:41
Show
View Real Time Build Order
Export as new Build Order

A.I. 1 (Very Easy) Protoss - Winner!

Build Orders:  

Get SALT Encoding   

  12  0:00  Probe  
  13  0:13  Probe  
  14  0:19  Pylon  
  14  0:36  Assimilator  
  14  0:42  Gateway  
  14  0:45  Pylon  
  14  1:15  Assimilator  
  14  1:16  Probe  
  14  1:24  Probe  
  15  1:31  Cybernetics Core  
  15  1:32  Probe  
  17  1:42  Probe  
  18  1:54  Probe  
  18  1:57  Warp Gate  
  19  2:03  Probe  
  20  2:09  Stalker  
  22  5:18  Zealot  
  22  5:20  Probe  
  25  5:22  Pylon  
  25  5:23  Robotics Facility  
  25  5:28  Probe  
  26  5:36  Probe  
  27  5:46  Probe  
  26  5:54  Pylon  
  26  5:58  Probe  
  27  6:10  Probe  
  27  6:11  Observer  
  29  6:13  Zealot  
  31  6:32  Observer  
  32  6:57  Nexus  
  32  7:08  Zealot  
  34  7:11  Pylon  
  30  7:19  Pylon  
  28  7:26  Immortal  
  31  7:50  Pylon  
  31  8:09  Probe  
  32  8:15  Zealot  
  32  8:16  Probe  
  32  8:19  Assimilator  
  35  8:21  Probe, Assimilator  
  36  8:31  Probe  
  37  8:34  Probe  
  38  8:45  Probe  
  39  8:52  Probe  
  40  8:59  Probe  
  41  9:04  Probe  
  42  9:10  Stalker  
  42  9:14  Probe  
  45  9:17  Probe  
  45  9:19  Observer  
  46  9:28  Probe  
Show
View Real Time Build Order
Export as new Build Order

PaRoOby Protoss 

Build Orders: Phoenix Opening, Blink Stalkers, Zealot Archon 

Get SALT Encoding   

  12  0:00  Probe  
  13  0:12  Probe  
  14  0:17  Pylon  
  14  0:24  Probe  
  15  0:36  Probe (Chrono Boost), Gateway  
  16  0:46  Probe (Chrono Boost), Assimilator  
  17  0:51  Probe (Chrono Boost)  
  17  0:54  Assimilator  
  18  1:03  Probe (Chrono Boost)  
  20  1:12  Probe (Chrono Boost)  
  20  1:13  Gateway  
  20  1:17  Probe (Chrono Boost)  
  20  1:25  Cybernetics Core  
  21  1:29  Probe  
  22  1:35  Pylon  
  22  1:41  Probe  
  23  1:53  Probe  
  18  2:01  Sentry, Stalker  
  28  2:10  Warp Gate  
  28  2:11  Pylon  
  28  2:24  Probe  
  28  2:29  Stalker  
  31  2:31  Stalker  
  33  2:43  Phoenix  
  33  2:45  Nexus  
  33  2:52  Shield Battery  
  33  3:00  Sentry  
  33  3:03  Pylon  
  33  3:04  Sentry  
  37  3:07  Probe  
  38  3:20  Probe  
  38  3:24  Twilight Council  
  39  3:32  Probe (Chrono Boost)  
  40  3:44  Probe (Chrono Boost)  
  40  3:46  Phoenix  
  41  3:54  Blink (Chrono Boost), Probe (Chrono Boost)  
  42  3:58  Probe (Chrono Boost)  
  42  4:00  Stalker  
  46  4:04  Probe (Chrono Boost)  
  46  4:07  Probe (Chrono Boost)  
  46  4:09  Stalker  
  49  4:11  Probe (Chrono Boost)  
  49  4:12  Probe (Chrono Boost)  
  51  4:21  Pylon  
  51  4:23  Probe  
  53  4:24  Probe, Stalker  
  53  4:30  Phoenix  
  55  4:35  Probe  
  55  4:36  Probe  
  57  4:40  Nexus  
  57  4:43  Pylon  
  57  4:47  Stalker  
  57  4:51  Stalker  
  61  4:59  Probe x2  
  63  5:01  Robotics Facility  
  63  5:02  Phoenix  
  63  5:04  Assimilator  
  63  5:10  Stalker  
  63  5:12  Probe x2  
  67  5:16  Shield Battery  
  67  5:18  Pylon  
  67  5:24  Probe x2, Stalker  
  71  5:34  Stalker  
  73  5:38  Probe x2  
  73  5:39  Forge  
  75  5:43  Gateway  
  75  5:47  Gateway  
  75  5:50  Observer  
  75  5:53  Gateway  
  76  6:00  Probe, Gateway  
  76  6:01  Protoss Ground Weapons Level 1, Probe x2  
  79  6:06  Charge (Chrono Boost)  
  79  6:13  Probe x3  
  82  6:25  Immortal, Probe x3  
  88  6:29  Gateway  
  88  6:30  Gateway  
  89  6:37  Probe, Pylon  
  89  6:38  Probe x2  
  92  6:46  Zealot x4  
  100  6:52  Templar Archives  
  100  6:53  Pylon  
  100  7:03  Warp Prism  
  100  7:07  Zealot x3  
  108  7:14  Pylon  
  108  7:15  Pylon x2  
  108  7:28  Zealot x4  
  116  7:33  Pylon  
  116  7:34  Pylon  
  116  7:35  High Templar x2, Pylon, Zealot x2  
  124  7:39  Archon  
  124  7:43  Nexus  
  124  7:51  High Templar x2  
  126  7:52  Zealot x2  
  126  7:57  Gateway x2  
  132  8:06  Probe x3  
  132  8:07  Assimilator  
  132  8:08  Zealot x3  
  141  8:15  Archon  
  141  8:17  Zealot x3  
  147  8:27  Zealot x2, Pylon  
  147  8:32  Zealot x2  
  147  8:33  Zealot  
  157  8:44  High Templar x2, Zealot  
  157  8:45  Probe  
  157  8:46  Probe x2  
  166  8:49  Pylon  
  166  8:50  Archon  
  166  8:51  Pylon  
  166  8:55  Photon Cannon  
  166  8:56  Shield Battery  
  166  8:57  Photon Cannon  
  166  8:58  Probe  
  166  9:00  Shield Battery  
  167  9:04  Photon Cannon  
  167  9:08  High Templar  
  169  9:10  High Templar  
  169  9:11  Zealot x2  
  169  9:12  Zealot  
  169  9:14  Archon  
  169  9:15  Zealot  
  179  9:17  Zealot  
  179  9:18  Zealot  
  183  9:29  Photon Cannon, Shield Battery  
  183  9:33  Zealot x5  
  183  9:36  Zealot  
  183  9:37  Zealot  
  197  9:39  Zealot  
Tags
 
Add a new tag
Caveats
  • Supply blocks, unpowered buildings, or Contaminate may cause inaccurate times.
  • Supply counts are checked every 10 seconds.